Map: Acropolis LE

Players

TurkeyDano - Winner!

  • Race: Protoss Protoss
  • Spawn Location: 11:00

penny

  • Race: Protoss Protoss
  • Spawn Location: 5:00

VOD

Have the link to the VOD?

Description

Time

  • Played on: Sept. 6, 2019, 1 p.m.
  • Length: 6:28
Show
View Real Time Build Order
Export as new Build Order

TurkeyDano Protoss - Winner!

Build Orders:  

Get SALT Encoding   

  1  0:00  Probe  
  13  0:07  Probe  
  14  0:17  Pylon, Probe  
  15  0:35  Probe  
  16  0:36  Forge  
  16  0:56  Pylon  
  16  0:58  Pylon  
  16  1:01  Pylon  
  16  1:06  Probe  
  17  1:15  Photon Cannon  
  17  1:20  Photon Cannon  
  17  1:23  Gateway  
  17  1:32  Probe  
  17  1:34  Pylon  
  18  1:40  Probe  
  18  1:44  Assimilator  
  18  1:45  Assimilator  
  19  1:48  Probe  
  20  2:00  Probe  
  21  2:04  Pylon  
  21  2:12  Cybernetics Core, Probe  
  22  2:24  Zealot, Probe  
  25  2:36  Probe  
  26  2:41  Adept  
  24  2:48  Probe  
  27  3:03  Probe  
  27  3:04  Warp Gate  
  28  3:07  Pylon  
  28  3:19  Stargate, Adept  
  30  3:27  Shield Battery  
  30  3:28  Shield Battery  
  30  3:30  Photon Cannon  
  30  3:40  Photon Cannon  
  30  3:53  Void Ray  
  28  4:08  Stargate  
  32  4:13  Pylon  
  32  4:15  Assimilator  
  32  4:25  Void Ray  
  32  4:32  Probe  
  37  4:44  Probe  
  37  4:45  Shield Battery  
  38  4:56  Probe  
  39  5:01  Void Ray  
  43  5:07  Void Ray  
  47  5:26  Shield Battery  
  47  5:30  Pylon  
  51  6:05  Shield Battery  
Show
View Real Time Build Order
Export as new Build Order

penny Protoss 

Build Orders:  

Get SALT Encoding   

  12  0:00  Probe  
  13  0:13  Probe  
  14  0:18  Pylon  
  14  0:25  Probe  
  15  0:37  Probe  
  15  0:39  Gateway  
  16  0:46  Assimilator  
  16  0:49  Probe  
  17  0:58  Forge  
  17  1:10  Pylon  
  17  1:13  Pylon  
  17  1:15  Probe  
  18  1:31  Photon Cannon  
  18  1:34  Probe  
  19  1:47  Photon Cannon  
  19  2:01  Probe  
  20  2:06  Photon Cannon  
  20  2:09  Pylon  
  20  2:18  Cybernetics Core  
  20  2:30  Probe  
  20  2:34  Pylon  
  21  2:38  Probe  
  21  2:41  Assimilator  
  22  2:46  Probe  
  22  2:49  Stalker  
  23  2:54  Shield Battery  
  23  3:05  Warp Gate  
  25  3:16  Robotics Facility  
  25  3:18  Probe  
  26  3:23  Stalker  
  26  3:26  Protoss Ground Weapons Level 1  
  28  3:38  Gateway  
  28  3:42  Pylon  
  28  3:43  Probe  
  29  4:01  Pylon  
  29  4:09  Gateway  
  29  4:18  Warp Prism  
  31  4:29  Gateway  
  31  4:50  Shield Battery x2  
  31  4:53  Stalker  
  31  4:56  Stalker  
  35  5:02  Observer  
  36  5:11  Shield Battery  
  36  5:24  Adept x2  
  36  5:25  Adept  
  42  5:30  Pylon  
  42  5:38  Probe  
  41  5:45  Stalker  
  41  6:10  Zealot x3  
Tags
 
Matchup
PvP
Spawn Locations
Cross Positions
Add a new tag
Caveats
  • Supply blocks, unpowered buildings, or Contaminate may cause inaccurate times.
  • Supply counts are checked every 10 seconds.